 Dungeon Crawl Stone Soup version 0.22-b1-59-g0aedee7 (webtiles) character file.

221 poirepourri the Cudgeler (level 5, -5/32 HPs)
             Began as a Gargoyle Fighter on Aug 9, 2018.
             Slain by an ogre
             ... wielding a +0 giant club
              (6 damage)
             ... on level 4 of the Dungeon.
             The game lasted 00:02:25 (2525 turns).

poirepourri the Cudgeler (Gargoyle Fighter)         Turns: 2525, Time: 00:02:26

Health: -5/32      AC: 10    Str: 19    XL:     5   Next: 98%
Magic:  5/5        EV:  7    Int:  9    God:
Gold:   132        SH:  9    Dex: 10    Spells: 4/4 levels left

rFire    . . .     SeeInvis .   a - +0 flail
rCold    . . .     Gourm    .   c - +0 shield
rNeg     + . .     Faith    .   b - +0 scale mail
rPois    ∞         Spirit   .   (no helmet)
rElec    +         Reflect  .   (no cloak)
rCorr    .         Harm     .   (no gloves)
MR       .....                  (no boots)
Stlth    ..........             (no amulet)
HPRegen  0.10/turn              (no ring)
MPRegen  0.09/turn              (no ring)

@: no status effects
A: negative energy resistance 1, electricity resistance, unbreathing,
petrification resistance, rot immunity, AC +4
a: no special abilities


You were on level 4 of the Dungeon.
You were not hungry.

You visited 1 branch of the dungeon, and saw 4 of its levels.

You collected 132 gold pieces.

Inventory:

Hand Weapons
 a - a +0 flail (weapon)
Missiles
 o - 4 tomahawks of returning (quivered)
 p - 2 tomahawks
Armour
 b - a +0 scale mail (worn)
 c - a +0 shield (worn)
 n - a +0 cloak
Jewellery
 i - an uncursed ring of wizardry {unknown}
Scrolls
 h - 3 scrolls of teleportation
Potions
 d - a potion of lignification {unknown}
 e - a potion of heal wounds
 g - a potion of flight
 j - a potion of degeneration
 k - a potion of resistance
 l - a potion of magic {unknown}
 m - a potion of ambrosia {unknown}
Comestibles
 f - 4 rations


   Skills:
 - Level 3.2 Fighting
 + Level 6.0 Maces & Flails
 - Level 3.2 Armour
 - Level 3.2 Shields


You had 4 spell levels left.
You didn't know any spells.
Your spell library contained the following spells:

 Spells                   Type           Power        Failure   Level  Hunger
 Confuse                  Hex            #.......     100%        3    ####...
 Tukima's Dance           Hex            #.......     100%        3    ####...
 Ensorcelled Hibernation  Hex/Ice        #.....       100%        2    ###....
 Corona                   Hex            #......      99%         1    ##.....
 Dazzling Spray           Conj/Hex       #.....       100%        3    ####...


Dungeon Overview and Level Annotations

Branches:
Dungeon (4/15)             Temple (0/1) D:4

Altars:
Dithmenos


Innate Abilities, Weirdness & Mutations

You are resistant to torment.
Your stone body is resilient. (AC +4)
You are immune to poison.
You resist negative energy. (rN+)
You are resistant to electric shocks. (rElec)
You can survive without breathing.
You are immune to petrification.
You are immune to rotting.


Message History

You block the ogre's attack.
Your scale mail prevents you from hitting the ogre.
You block the ogre's attack.
You hit the ogre but do no damage. The ogre hits you with a giant club!
You hit the ogre but do no damage. The ogre hits you with a giant club!
Ouch! That really hurt!
* * * LOW HITPOINT WARNING * * *
You feel much better.
You sock the ogre!
The ogre is moderately wounded.
You block the ogre's attack.
You barely miss the ogre.
The ogre is moderately wounded.
The ogre hits you with a giant club!!
Ouch! That really hurt!
* * * LOW HITPOINT WARNING * * *
You sock the ogre!
The ogre is severely wounded.
The ogre hits you with a giant club.
You die...

...... #..... ###+##.
#.....##.......
#..............
#.......P.P.... ......
#.....P.....# ........
#.......>P..#
...##...######.P@PP.##.
...##...##......O..P....
...............#........
...............#.$......
...##..........#........
...##..........#........
...............#........
...............#........
...............#.......


You could see an ogre.

Vanquished Creatures
  An orc wizard (D:3)
  A hound (D:4)
  5 adders
  3 gnolls (D:2)
  2 oozes
  An adder skeleton (D:4)
  3 dart slugs
  A leopard gecko (D:1)
  13 orcs (D:3)
  A ball python (D:1)
  3 bats (D:3)
  6 giant cockroaches
  5 hobgoblins
  3 kobolds
  7 frilled lizards
  3 goblins
  6 rats
64 creatures vanquished.

Notes
Turn   | Place    | Note
-------+----------+-------------------------------------------
     0 | D:1      | poirepourri the Gargoyle Fighter began the quest for the Orb.
     0 | D:1      | Reached XP level 1. HP: 14/14 MP: 1/1
   298 | D:1      | Reached XP level 2. HP: 19/19 MP: 2/2
   374 | D:1      | Reached skill level 3 in Maces & Flails
  1004 | D:2      | Reached XP level 3. HP: 15/23 MP: 3/3
  1128 | D:2      | Reached skill level 4 in Maces & Flails
  1132 | D:2      | Reached XP level 4. HP: 26/28 MP: 4/4
  1826 | D:3      | Reached skill level 5 in Maces & Flails
  1826 | D:3      | Reached XP level 5. HP: 21/32 MP: 5/5
  2265 | D:3      | Found a shadowy altar of Dithmenos.
  2508 | D:4      | Found a staircase to the Ecumenical Temple.
  2513 | D:4      | Noticed an ogre
  2518 | D:4      | Reached skill level 6 in Maces & Flails
  2524 | D:4      | HP: 1/32 [ogre/giant club (22)]
  2525 | D:4      | Slain by an ogre

Skill      XL: |  1  2  3  4  5 |
---------------+----------------+-----
Maces & Flails | 3 4 5 6 |  6.0
Fighting       | |  3.2
Armour         | |  3.2
Shields        | |  3.2

Action                   |  1- 3 |  4- 6 || total
-------------------------+-------+-------++-------
Melee: Flail             |    98 |   184 ||   282
  Use: Scroll            |     3 |     5 ||     8
       Potion            |     3 |     1 ||     4
  Eat: Ration            |     1 |     1 ||     2
Armor: Scale mail        |    46 |   121 ||   167
Dodge: Dodged            |    25 |    77 ||   102
Block: Shield            |    56 |    97 ||   153
